 Dungeon Crawl Stone Soup version 0.31.0-11-ge490571c62 (webtiles) character file.

Game seed: 4734604827583765592

148 cdecastro the Changeling (level 5, 0/60 HPs)
             Began as a Draconian Shapeshifter on Jan 27, 2024.
             Frozen to death by an endoplasm (5 damage)
             ... in a sewer.
             The game lasted 00:04:06 (1858 turns).

cdecastro the Changeling (Draconian Shapeshifter)   Turns: 1858, Time: 00:04:06

Health: 0/60       AC: 22    Str: 16    XL:     5   Next: 8%
Magic:  5/5        EV:  2    Int: 10    God:
Gold:   64         SH:  0    Dex: 13    Spells: 4/4 levels left

rFire   . .          .
                       - Unarmed
rCold   . . .        (no shield)
rNeg    . . .        (body armour unavailable)
rPois   +            (helmet currently unavailable)
rElec   .            (cloak currently unavailable)
rCorr   .            (gloves currently unavailable)
SInv    .            (boots currently unavailable)
Will    .....        (no amulet)
Stlth   +            (no ring)
HPRegen 0.30/turn    (no ring)
MPRegen 0.09/turn

%: no passive effects
@: tree-form
A: stationary, stasis, torment immunity, boosted hp, AC +5, unfitting armour,
(cold-blooded)
a: no special abilities


You were in a sewer.
You were a tree.
You visited 1 branch of the dungeon, and saw 3 of its levels.
You also visited: Sewer.

You collected 64 gold pieces.

Inventory:

Jewellery
 l - a ring of fire
Talismans
 b - a beast talisman
 c - a flux talisman
 m - a flux talisman
Scrolls
 d - 3 scrolls of teleportation {unknown}
 f - 4 scrolls of vulnerability {unknown}
 g - a scroll of acquirement {unknown}
 j - a scroll of fog {unknown}
 n - a scroll of summoning {unknown}
Potions
 e - a potion of haste {unknown}
 h - a potion of ambrosia {unknown}
 i - a potion of heal wounds {unknown}
 k - a potion of enlightenment {unknown}


   Skills:
 - Level 1.1 Fighting
 - Level 1.7 Dodging
 - Level 3.0 Unarmed Combat
 + Level 5.4 Shapeshifting


You had 4 spell levels left.
You didn't know any spells.
Your spell library contained the following spells:

 Spells                   Type           Power      Damage    Failure   Level
 Slow                     Hex            0%         N/A       36%         1
 Confusing Touch          Hex            0%         N/A       75%         3
 Gell's Gravitas          Tloc           0%         N/A       75%         3
 Sigil of Binding         Hex            0%         N/A       75%         3
 Teleport Other           Tloc           0%         N/A       75%         3
 Vampiric Draining        Necr           0%         2d6       75%         3
 Dispersal                Tloc           0%         N/A       100%        6
 Malign Gateway           Summ/Tloc      0%         N/A       100%        7
 Summon Horrible Things   Summ           0%         N/A       100%        8


Dungeon Overview and Level Annotations

Branches:
Dungeon (3/15)              Sewer (1/1)

Altars:
Vehumet


Innate Abilities, Weirdness & Mutations

You are a tree.
Your roots penetrate the ground, keeping you stationary.
You cannot be teleported.
You are immune to unholy pain and torment.
Your maximum health is greatly increased.
Your equipment is partially melded.
((Your plain brown scales are hard. (AC +5)))
You cannot fit into any form of body armour.
((You are cold-blooded and may be slowed by cold attacks.))


Message History

* * * LOW HITPOINT WARNING * * *
The endoplasm hits you but does no damage.
The endoplasm freezes you.
You are frozen.
* * * LOW HITPOINT WARNING * * *
You closely miss the river rat.
The river rat is severely wounded.
The river rat bites you but does no damage.
The endoplasm hits you but does no damage. x2
Unknown command.
You hit the river rat but do no damage.
The river rat is severely wounded.
You feel yourself speed up.
The river rat bites you but does no damage.
The endoplasm freezes you.
You are frozen.
* * * LOW HITPOINT WARNING * * *
The endoplasm hits you but does no damage.
The river rat bites you but does no damage.
The endoplasm hits you but does no damage.
The endoplasm freezes you.
You are frozen.
* * * LOW HITPOINT WARNING * * *
You closely miss the river rat.
The river rat is heavily wounded.
The river rat bites you but does no damage.
The endoplasm hits you but does no damage.
The endoplasm freezes you.
You are frozen.
* * * LOW HITPOINT WARNING * * *
You smack the river rat!
You kill the river rat!
The endoplasm hits you but does no damage.
The endoplasm splashes around in the water.
Unknown command.
You smack the endoplasm!
You kill the endoplasm!
The endoplasm freezes you.
You are frozen.
You die...

#############
####..†J...~~..####
##.....♣J........~~##
#..~.~#########..~~~#
#...### ###...##
#..## ##~.~## #..#
#...~# #~.# ##J.~..
#..########### ##....
#~...~~..~.~.# #J~.
#..~.....~.~.# .~~


You could see 2 endoplasms.

Vanquished Creatures
  2 adders
  3 river rats
  2 ribbon worms (Sewer)
  17 endoplasms
  16 giant cockroaches
  4 goblins
  6 hobgoblins
  6 jackals (D:2)
  5 kobolds
  4 quokkas
  8 ball pythons
  A bat (D:2)
  3 frilled lizards (D:1)
  11 rats
88 creatures vanquished.

Notes
Turn   | Place    | Note
-------+----------+-------------------------------------------
     0 | D:1      | cdecastro the Draconian Shapeshifter began the quest for
                  | the Orb.
     0 | D:1      | Reached XP level 1. HP: 16/16 MP: 1/1
    59 | D:1      | Found a faded altar of an unknown god.
   135 | D:1      | Reached XP level 2. HP: 23/23 MP: 2/2
   349 | D:1      | Reached skill level 4 in Shapeshifting
   361 | D:1      | Reached XP level 3. HP: 28/28 MP: 3/3
  1117 | D:2      | Reached XP level 4. HP: 35/35 MP: 4/4
  1208 | D:2      | Found a radiant altar of Vehumet.
  1518 | D:3      | Found a glowing drain.
  1528 | D:3      | Reached skill level 5 in Shapeshifting
  1540 | Sewer    | Entered a sewer
  1790 | Sewer    | Reached XP level 5. HP: 35/40 MP: 5/5
  1858 | Sewer    | Frozen to death by an endoplasm

Illustrated notes

Levels and vault maps discovered:
D:1:      psy_arrival_spokes, layout_rooms,
          chequers_ecumenical_altar_simple_redux, minmay_cut_off
D:2:      minmay_roachtagon, layout_loops_ring, basic_altar,
          hangedman_decor_opposing, minmay_stone_trees_small,
          chequers_serial_rivers_small_a, palyth_stone_intersect
D:3:      layout_rooms, portal_sewer_entry_c, serial_shops, nicolae_shop_stone
Sewer:    sewer_hellmonk_slimy_pipes

Skill      XL: |  1  2  3  4 |
---------------+-------------+-----
Shapeshifting  | 4 5 |  5.4
Fighting       | |  1.1
Dodging        | |  1.7
Unarmed Combat | |  3.0

Action                     |  1- 3 |  4- 6 || total
---------------------------+-------+-------++-------
  Melee: Unarmed           |   144 |   105 ||   249
         Tailslap          |    15 |    14 ||    29
         Punch             |     2 |     2 ||     4
    Use: Potion            |       |     1 ||     1
 Armour: Skin              |    64 |    69 ||   133
  Dodge: Dodged            |    86 |    57 ||   143
